 Dungeon Crawl Stone Soup version 0.20.0-6-gd3061e9 (webtiles) character file.

931 grisnicke the Basher (level 8, -8/68 HPs)
             Began as a Hill Orc Artificer on May 28, 2017.
             Mangled by an ice beast (13 damage)
             ... on level 5 of the Dungeon.
             The game lasted 00:23:39 (6690 turns).

grisnicke the Basher (Hill Orc Artificer)           Turns: 6690, Time: 00:23:40

Health: -8/68      AC:  9    Str: 17    XL:     8   Next: 11%
Magic:  10/10      EV:  6    Int: 11    God:
Gold:   232        SH:  0    Dex: 11    Spells: 7/7 levels left

rFire    . . .     SeeInvis .   A - +0 hand axe (flame)
rCold    . . .     Gourm    .   (no shield)
rNeg     . . .     Faith    .   o - +0 chain mail
rPois    +         Spirit   .   (no helmet)
rElec    .         Reflect  .   s - +0 cloak
rCorr    +         Harm     .   (no gloves)
MR       .....                  (no boots)
Stlth    ..........             v - amulet of magic regeneration
Regen    0.3/turn               q - ring of resist corrosion
MPRegen  0.2/turn               (no ring)

@: drained
A: poison resistance, wild magic 1
a: no special abilities


You were on level 5 of the Dungeon.
You were not hungry.

You visited 1 branch of the dungeon, and saw 5 of its levels.

You collected 232 gold pieces.

Inventory:

Hand Weapons
 a - a +0 short sword
 r - a +0 flail
   (You found it on level 2 of the Dungeon)
 z - the +1 dagger "Goblinslayer" {pierce, *Drain rF+ Str+2 Int+3}
   (You found it on level 4 of the Dungeon)

   It inflicts extra damage upon your enemies.
   It affects your strength (+2).
   It affects your intelligence (+3).
   It protects you from fire.
   It causes draining when unequipped.
 A - a +0 hand axe of flaming (weapon)
   (You took it off an orc priest on level 4 of the Dungeon)
Missiles
 k - 171 stones (quivered)
 u - 16 poisoned needles
Armour
 b - a +0 leather armour
 o - a +0 chain mail (worn)
   (You found it on level 1 of the Dungeon)
 s - a +0 cloak (worn)
   (You found it on level 2 of the Dungeon)
 y - a cursed +0 buckler
   (You found it on level 4 of the Dungeon)
Jewellery
 q - a ring of resist corrosion (left hand)
   (You found it on level 2 of the Dungeon)
 v - an amulet of magic regeneration (around neck)
   (You found it on level 2 of the Dungeon)
Wands
 c - a wand of flame (8/48)
 d - a wand of enslavement (11/24)
 e - a wand of random effects (11/48)
Scrolls
 h - 3 scrolls of remove curse
 m - 3 scrolls of amnesia
 C - a scroll of identify
 D - a scroll of enchant weapon {unknown}
Potions
 g - 2 potions of might
 i - a potion of resistance
 n - 3 potions of heal wounds
 p - 7 potions of curing
 t - a potion of agility
 x - a potion of mutation {!q}
 B - a potion of lignification {!q}
Comestibles
 f - 3 bread rations {@e1}
 w - a meat ration {@e2}


   Skills:
 + Level 5.3(4.3) Fighting
 - Level 1.0(0.1) Short Blades
 - Level 8.4(7.4) Maces & Flails
 - Level 1.5(0.6) Dodging
 - Level 0.7(0.0) Stealth
 - Level 3.0(2.0) Evocations


You had 7 spell levels left.
You didn't know any spells.

Dungeon Overview and Level Annotations

Branches:
Dungeon (5/15)
 Temple: D:4-7

Altars:

Annotations:
D:4 Menkaure
D:5 ThereIsNoGod's ghost, novice GrGl


Innate Abilities, Weirdness & Mutations

Your system is resistant to poisons. (rPois)
Your spells are a little harder to cast, but a little more powerful.


Message History

You start resting.
You are feeling hungry.
You regained 19 hp, and now have 55/67 hp.
You start resting.
Health restored: 67
Okay, then.
A giant cockroach comes into view.
You thump the giant cockroach!
You kill the giant cockroach!
No target in view!
Okay, then.
A worker ant comes into view.
The worker ant twitches its antennae in your direction.
You hit the worker ant. The worker ant barely misses you.
You hit the worker ant.
The worker ant bites you but does no damage. x2
You closely miss the worker ant. The worker ant bites you.
You take 2 damage, and have 65/67 hp.
You closely miss the worker ant. The worker ant barely misses you.
You closely miss the worker ant.
The worker ant bites you but does no damage.
Your chain mail prevents you from hitting the worker ant.
The worker ant bites you.
The worker ant bites you but does no damage.
You take 2 damage, and have 64/67 hp.
You hit the worker ant. The worker ant bites you.
You take 5 damage, and have 59/67 hp.
You sock the worker ant!
You kill the worker ant!
Your base Fighting skill increases to level 5!
A jelly comes into view.
The jelly quivers.
Aim: a jelly You throw a stone.
The stone hits the jelly.
Aim: a jelly (lightly wounded)
You throw a stone. The stone hits the jelly.
Aim: a jelly (moderately wounded)
You throw a stone. The stone hits the jelly.
Aim: a jelly (moderately wounded)
You throw a stone. The stone hits the jelly.
Aim: a jelly (moderately wounded)
You throw a stone. The stone hits the jelly.
You thump the jelly!
You kill the jelly!
You start resting.
Health restored: 68
k - 169 stones (gained 1)
k - 170 stones (gained 1)
k - 171 stones (gained 1)
Found an escape hatch in the floor.
There is an escape hatch in the floor here.
You are feeling very hungry.
You eat the royal jelly.
That royal jelly was delicious!
There is an open door here.
An ice beast comes into view.
You see here a ring mail.
You see here a ring mail.
There is an open door here.
Aim: an ice beast The puff of flame hits the ice beast.
The ice beast melts!
This wand has 8 charges left.
Wield which item (- for none, * to show all)? (? for menu, Esc to quit)
Your +0 hand axe of flaming bursts into flame!
A - a +0 hand axe of flaming (weapon)
You completely miss the ice beast. The ice beast barely misses you.
You hit the ice beast.
You melt the ice beast.
The ice beast barely misses you.
You hit the ice beast.
You melt the ice beast.
The ice beast closely misses you.
You hit the ice beast.
You melt the ice beast.
The ice beast barely misses you.
You completely miss the ice beast.
The ice beast hits you but does no damage.
You hit the ice beast.
You melt the ice beast.
The ice beast hits you. The ice beast freezes you!
You take 12 damage, and have 56/68 hp.
You hit the ice beast but do no damage. The ice beast hits you.
The ice beast freezes you! The ice beast hits you. The ice beast freezes you!
You take 23 damage, and have 33/68 hp.
MASSIVE DAMAGE!!
You hit the ice beast.
You melt the ice beast.
The ice beast hits you but does no damage.
Your chain mail prevents you from hitting the ice beast.
The ice beast hits you. The ice beast freezes you!
* * * LOW HITPOINT WARNING * * *
You take 14 damage, and have 19/68 hp.
MASSIVE DAMAGE!!
You hit the ice beast.
You melt the ice beast.
The ice beast hits you but does no damage.
You closely miss the ice beast. The ice beast hits you.
* * * LOW HITPOINT WARNING * * *
The ice beast freezes you!
* * * LOW HITPOINT WARNING * * *
You take 12 damage, and have 7/68 hp.
You hit the ice beast but do no damage.
The ice beast hits you but does no damage.
You closely miss the ice beast.
The ice beast hits you but does no damage.
You closely miss the ice beast. The ice beast hits you.
* * * LOW HITPOINT WARNING * * *
The ice beast freezes you!
You die...

#.# #........#
######.#####.######.#
#..>......#..#
#.####.##....##### #.#
#.##........# #.#
#.......###.# #.#
######..###.##.### #.#
#...........# #.##
#@#######.#.# #..# ##Y##
# ##.# ##[..## # ##.#
#.....# # ##..#
#.......#
#####...####.........#
...........'.........'.
#####...####.........###
# ##..# ##.......##


You could see an ice beast.

Vanquished Creatures
  Grinder (D:3)
  An ogre (D:4)
  Blork the orc (D:4)
  A bullfrog (D:4)
  A howler monkey (D:4)
  A crimson imp (D:5)
  A jelly (D:5)
  A hound (D:3)
  2 orc priests (D:4)
  Natasha (thrice) (D:4)
  4 worker ants
  A hound zombie (D:5)
  A howler monkey skeleton (D:4)
  7 adders
  2 gnolls (D:4)
  An ooze (D:3)
  5 worms
  3 dart slugs
  7 leopard geckos
  4 orcs
  2 ball pythons
  5 bats
  6 giant cockroaches
  4 hobgoblins
  7 jackals
  2 quokkas
  4 frilled lizards
  5 goblins
  10 kobolds
  5 rats
98 creatures vanquished.

Vanquished Creatures (others)
  An adder (D:2)
1 creature vanquished.

Grand Total: 99 creatures vanquished

Notes
Turn   | Place    | Note
-------+----------+-------------------------------------------
     0 | D:1      | grisnicke the Hill Orc Artificer began the quest for the Orb.
     0 | D:1      | Reached XP level 1. HP: 16/16 MP: 3/3
   629 | D:1      | Reached skill level 2 in Fighting
   932 | D:1      | Reached XP level 2. HP: 24/25 MP: 4/4
  1236 | D:2      | Reached skill level 3 in Fighting
  1246 | D:2      | Reached XP level 3. HP: 20/31 MP: 5/5
  1789 | D:2      | Reached skill level 1 in Maces & Flails
  2355 | D:2      | Reached skill level 2 in Maces & Flails
  2570 | D:2      | Reached XP level 4. HP: 30/38 MP: 6/6
  3115 | D:3      | Reached skill level 3 in Maces & Flails
  3153 | D:3      | Noticed Grinder
  3310 | D:3      | Paralysed by Grinder for 3 turns
  3317 | D:3      | Paralysed by Grinder for 2 turns
  3320 | D:3      | Killed Grinder
  3320 | D:3      | Reached skill level 5 in Maces & Flails
  3320 | D:3      | Reached XP level 5. HP: 14/45 MP: 7/7
  3320 | D:3      | Reached XP level 6. HP: 15/51 MP: 8/8
  3986 | D:3      | Reached skill level 6 in Maces & Flails
  4183 | D:4      | Gained mutation: Your spells are a little harder to cast, but a little more powerful. [potion of mutation]
  4183 | D:4      | Gained mutation: Your system is resistant to poisons. (rPois) [potion of mutation]
  4220 | D:4      | Noticed Blork the orc
  4236 | D:4      | Killed Blork the orc
  4349 | D:4      | Noticed Natasha
  4370 | D:4      | Killed Natasha
  4399 | D:4      | Noticed Natasha
  4416 | D:4      | Killed Natasha
  4416 | D:4      | Reached XP level 7. HP: 55/57 MP: 9/9
  4444 | D:4      | Reached skill level 7 in Maces & Flails
  4667 | D:4      | Got a smoking dagger
  4751 | D:4      | Reached skill level 8 in Maces & Flails
  4796 | D:4      | Noticed Natasha
  4810 | D:4      | Killed Natasha
  4977 | D:4      | Noticed a hungry ghost
  5052 | D:4      | Identified the cursed +1 dagger "Goblinslayer" {pierce, *Drain rF+ Str+2 Int+3} (You found it on level 4 of the Dungeon)
  5231 | D:4      | Noticed Menkaure
  5755 | D:4      | Reached skill level 4 in Fighting
  5990 | D:5      | Entered Level 5 of the Dungeon
  6199 | D:5      | Reached XP level 8. HP: 63/67 MP: 10/10
  6266 | D:5      | Noticed ThereIsNoGod's ghost (novice GrGl)
  6573 | D:5      | Reached skill level 5 in Fighting
  6687 | D:5      | HP: 17/68 [ice beast (2)]
  6687 | D:5      | HP: 7/68 [ice beast (10)]
  6690 | D:5      | Mangled by an ice beast

Skill      XL: |  1  2  3  4  5  6  7  8 |
---------------+-------------------------+-----
Fighting       | 2 3 4 5 |  5.3
Maces & Flails | 2 5 6 8 |  8.4
Short Blades   | |  1.0
Dodging        | |  1.5
Stealth        | |  0.7
Evocations     | |  3.0

Action                   |  1- 3 |  4- 6 |  7- 9 || total
-------------------------+-------+-------+-------++-------
Melee: Short sword       |    63 |       |       ||    63
       Flail             |    99 |   204 |   107 ||   410
       Hand axe          |       |       |    70 ||    70
Throw: Stone             |    46 |    16 |    25 ||    87
Evoke: Wand              |    11 |       |     4 ||    15
  Use: Potion            |       |     2 |       ||     2
       Scroll            |       |     9 |     1 ||    10
  Eat: Chunk             |     5 |     6 |     6 ||    17
       Fruit             |       |     1 |       ||     1
       Royal jelly       |       |       |     1 ||     1
Armor: Leather armour    |    15 |       |       ||    15
       Chain mail        |    81 |   130 |    85 ||   296
Dodge: Dodged            |    71 |    71 |    47 ||   189

Vault maps used:
D:1:      minmay_arrival_split_and_join
D:3:      uniq_grinder
D:4:      first_bread, uniq_blork_the_orc, uniq_menkaure, uniq_natasha
D:5:      uniq_duvessa

Table legend:
 A = Turns spent in this place as a percentage of turns spent in the entire game.
 B = Non-inter-level travel turns spent in this place as a percentage of non-inter-level travel turns spent in the entire game.
 C = Inter-level travel turns spent in this place as a percentage of turns spent in this place.
 D = Turns resting spent in this place as a percentage of non-inter-level travel turns spent in this place.
 E = Turns spent auto-exploring this place as a percentage of non-inter-level travel turns spent in this place.
 F = Non-inter-level travel turns spent in this place divided by the number of levels of this place that you've seen.
                   A       B       C       D       E      F
               +-------+-------+-------+-------+-------+----------------------
         Total | 100.0 | 100.0 |   0.5 |   4.4 |   4.5 | 383.8
       Dungeon | 100.0 | 100.0 |   0.5 |   4.4 |   4.5 | 383.8
               +-------+-------+-------+-------+-------+----------------------

Table legend:
 A = Kills in this place as a percentage of kills in entire the game.
 B = Kills by you in this place as a percentage of kills by you in the entire game.
 C = Kills by friends in this place as a percentage of kills by friends in the entire game.
 D = Other kills in this place as a percentage of other kills in the entire game.
 E = Experience gained in this place as a percentage of experience gained in the entire game.
 F = Experience gained in this place divided by the number of levels of this place that you have seen.
                   A       B       C       D       E      F
               +-------+-------+-------+-------+-------+----------------------
         Total | 100.0 | 100.0 |  -nan |  -nan | 100.0 | 266.2
       Dungeon | 100.0 | 100.0 |  -nan |  -nan | 100.0 | 266.2
               +-------+-------+-------+-------+-------+----------------------
